AoeStats
← Meduusa

Coastal Forest

510515413Analyzed
2v2 RM · 9h ago on Oct 1, 2026· 54m 6s· 4 players
Game mode
Random Map
Map size
Medium (4 player)
Population
200
Speed
Normal
Resources
Standard
Victory
Conquest
Starting age
Dark Age
Ending age
Imperial Age
RankedLock teamsTeams togetherTeam positionsShared explorationLock speedFull tech treeHidden civsTurbo modeCheats
Victory
Defeat
🇨🇳 Spanish · China
1365
+11
🇦🇺 Poles · Australia
1266
+14
🇫🇮 Persians · Finland
1243
-13
🇫🇮 Mongols · Finland
1233
-12
无助小羊
7:40 Loom
10:03 Feudal Age
14:22 Castle Age
22:45 Padded Archer Armor
24:25 Leather Archer Armor
25:40 Double-Bit Axe
28:44 Gold Mining
32:12 Wheelbarrow
33:02 Husbandry
33:33 Bow Saw
34:01 Hand Cart
37:00 Bloodlines
40:29 Imperial Age
40:30 Elite Conquistador
41:42 Ring Archer Armor
42:33 Conscription
42:25 Stone Mining
43:15 Town Watch
49:13 Two-Man Saw
55:36 Chemistry
the black fella
1:05 Loom
12:41 Feudal Age
13:19 Double-Bit Axe
15:40 Town Watch
17:17 Fishing Lines
23:50 Wheelbarrow
27:09 Castle Age
25:08 Gold Mining
26:33 Stone Mining
27:16 Scale Mail Armor
27:26 Forging
27:15 Pikeman
27:55 Squires
28:11 Bow Saw
29:05 Stone Shaft Mining
28:56 Chain Mail Armor
28:58 Caravan
30:16 Iron Casting
30:19 Gillnets
33:28 Clinker Construction
36:32 Imperial Age
34:46 Hand Cart
34:40 Scale Barding Armor
35:29 Horse Collar
36:33 Bloodlines
36:23 Husbandry
37:05 Szlachta Privileges
38:00 Conscription
38:38 Cavalier
40:51 Plate Mail Armor
40:42 Chain Barding Armor
42:59 Blast Furnace
42:38 Onager
43:51 Arson
45:18 Siege Engineers
49:06 Heavy Plow
50:37 Capped Ram
Meduusa
3:40 Loom
12:31 Feudal Age
14:22 Horse Collar
14:29 Double-Bit Axe
22:21 Castle Age
21:17 Wheelbarrow
22:10 Scale Barding Armor
22:15 Forging
22:26 Bloodlines
25:10 Heavy Plow
25:26 Bow Saw
25:41 Husbandry
43:46 Imperial Age
44:26 Chain Barding Armor
44:42 Iron Casting
43:34 Heavy Camel Rider
45:48 Plate Barding Armor
46:06 Heavy Scorpion
49:37 Blast Furnace
Snowdown
3:19 Loom
11:55 Feudal Age
12:33 Double-Bit Axe
13:43 Fletching
14:51 Padded Archer Armor
19:20 Wheelbarrow
22:42 Castle Age
21:22 Stone Mining
23:34 Bodkin Arrow
24:52 Bow Saw
32:08 Leather Archer Armor
38:25 Bloodlines
38:47 Gold Mining
39:11 Thumb Ring
39:38 Horse Collar
42:58 Ballistics
50:07 Hand Cart
53:08 Heavy Plow
Connection lost

Rejoining the realm…

Still unreachable

The connection could not be restored.

Session expired

The server has moved on; the page needs a fresh start.